 Dungeon Crawl Stone Soup version 0.21.0-3-g78d12a8 (webtiles) character file.

20205 mopl the Martial Artist (level 12, -9/96 HPs)
             Began as a Barachi Transmuter on Jan 9, 2018.
             Was the Champion of Cheibriados.
             Mangled by a salamander
             ... wielding a +0 halberd
              (19 damage)
             ... in a volcano on Jan 10, 2018.
             The game lasted 00:31:08 (11567 turns).

mopl the Martial Artist (Barachi Transmuter)       Turns: 11567, Time: 00:31:09

Health: -9/96      AC:  9    Str: 31    XL:     12   Next: 77%
Magic:  6/19       EV: 20    Int: 32    God:    Cheibriados [******]
Gold:   723        SH:  4    Dex: 28    Spells: 3/21 levels left

rFire    + . .     SeeInvis +     - Unarmed
rCold    x . .     Gourm    .   (shield currently unavailable)
rNeg     . . .     Faith    .   j - +0 troll leather armour
rPois    +         Spirit   .   (no helmet)
rElec    .         Reflect  +   (no cloak)
rCorr    .         Harm     .   (gloves currently unavailable)
MR       .....                  (no boots)
Stlth    +++.......             Y - amulet "Cunar" {Reflect *Corrode rPois SH+4 SInv Stlth+}
HPRegen  0.66/turn              Z - ring "Jaoluz" {rC- AC+5 Str+3 Slay+2 SInv}
MPRegen  0.16/turn              G - ring of protection from fire

@: blade hands, very slow
A: +LOS, swims, slowness 1, strong legs 1
a: Hop, End Transformation, Bend Time, Temporal Distortion, Slouch, Step From
Time, Renounce Religion


You were in a volcano.
You worshipped Cheibriados.
Cheibriados was exalted by your worship.
You were very hungry.
You had blades for hands.
You visited 2 branches of the dungeon, and saw 13 of its levels.
You also visited: Volcano.

You collected 723 gold pieces.

Inventory:

Hand Weapons
 B - the +8 battleaxe of Plunder {freeze, rElec rPois}
   (You found it on level 5 of the Dungeon)

   It has been specially enchanted to freeze those struck by it, causing extra
   injury to most foes and up to half again as much damage against particularly
   susceptible opponents.
   It can also slow down cold-blooded creatures.
   It insulates you from electricity.
   It protects you from poison.
Missiles
 a - 237 arrows
 v - 7 javelins (quivered)
 J - 18 poisoned needles
Armour
 j - a +0 troll leather armour (worn)
 m - a +2 pair of gloves (melded)
 N - the +1 robe of the Skies Above {-Cast +Inv rF++ rC+++}
   (You found it on level 8 of the Dungeon)

   It greatly protects you from fire.
   It renders you almost immune to cold.
   It lets you turn invisible.
   It prevents spellcasting.
 Q - a +2 robe of magic resistance
Jewellery
 E - the ring of Tempters {*Tele rC+ rN++ MP-9}
   (You found it on level 10 of the Dungeon)

   [ring of teleportation]

   It may teleport you next to monsters.
   It protects you from cold.
   It greatly protects you from negative energy.
   It affects your magic capacity (-9).
 G - a ring of protection from fire (right scythe-like blade)
 I - an uncursed ring of protection from fire
 R - an uncursed ring of resist corrosion
 Y - the amulet "Cunar" (around neck) {Reflect *Corrode rPois SH+4 SInv Stlth+}
   (You found it on level 10 of the Dungeon)

   [amulet of reflection]

   It shields you and reflects attacks.
   It protects you from poison.
   It lets you see invisible.
   It may corrode you when you take damage.
   It affects your SH (+4).
   It makes you more stealthy.
 Z - the ring "Jaoluz" (left scythe-like blade) {rC- AC+5 Str+3 Slay+2 SInv}
   (You found it on level 10 of the Dungeon)

   [ring of protection]

   It affects your AC (+5).
   It affects your strength (+3).
   It affects your accuracy and damage with ranged weapons and melee attacks
   (+2).
   It makes you vulnerable to cold.
   It lets you see invisible.
Wands
 c - a wand of disintegration (5)
 f - a wand of digging (1)
 A - a wand of paralysis (14)
 K - a wand of polymorph (13)
 M - a wand of acid (11)
 S - a wand of flame (22)
 T - a wand of enslavement (14)
Scrolls
 l - 3 scrolls of magic mapping {unknown}
 n - a scroll of remove curse
 p - 3 scrolls of enchant weapon {unknown}
 s - 6 scrolls of teleportation {unknown}
 t - 2 scrolls of blinking {unknown}
 y - 3 scrolls of enchant armour {unknown}
 C - 3 scrolls of amnesia {unknown}
 D - 2 scrolls of immolation {unknown}
 F - 8 scrolls of identify
 L - a scroll of random uselessness {unknown}
 P - a scroll of fear {unknown}
 U - a scroll of noise {unknown}
Potions
 e - a potion of lignification {!q}
 g - 6 potions of might
 h - a potion of agility
 k - 3 potions of curing
 o - 6 potions of resistance {unknown}
 q - 3 potions of brilliance
 r - a potion of flight
 w - 2 potions of ambrosia
 z - 2 potions of berserk rage {!q}
 O - a potion of invisibility
Miscellaneous
 i - a lamp of fire
 x - a fan of gales
Comestibles
 d - 25 rations


   Skills:
 + Level 9.6 Fighting
 - Level 3.0 Armour
 + Level 8.3 Dodging
 * Level 13.1 Unarmed Combat
 + Level 5.3 Spellcasting
 - Level 9.0 Transmutations
 - Level 4.0 Ice Magic
 - Level 2.3 Poison Magic
 + Level 7.3 Invocations


You had 3 spell levels left.
You knew the following spells:

 Your Spells              Type           Power        Failure   Level  Hunger
a - Beastly Appendage     Tmut           ######       8%          1    None
b - Spider Form           Tmut/Pois      #####.....   19%         3    None
c - Blade Hands           Tmut           ######....   28%         5    #####..
d - Ice Form              Ice/Tmut       ######..     28%         4    ###....
s - Ozocubu's Armour      Chrm/Ice       ###.....     38%         3    None
w - Sticks to Snakes      Tmut           ######..     9%          2    None


Dungeon Overview and Level Annotations

Branches:
Dungeon (11/15)            Temple (0/1) D:4            Lair (2/6) D:8
  Snake (0/4) Lair:2          Orc (0/2) D:11
  Swamp: Lair:2-4    Shoals: Lair:2-4

Altars:
Ashenzari
Cheibriados
Dithmenos
Fedhas
Hepliaklqana
Kikubaaqudgha
Makhleb
Nemelex Xobeh
Okawaru
Sif Muna
Trog
Vehumet
Wu Jian
Xom


Innate Abilities, Weirdness & Mutations

Shadows flee at your approach. (+LOS)
You can swim through water.
You cover ground slowly.
You can hop short distances.


Message History

Unknown command.
You shred the salamander!!!
The salamander is almost dead.
The salamander barely misses you.
Unknown command.
You shred the salamander!!!
You kill the salamander!
Cheibriados appreciates the change of pace.
The salamander closely misses you.
Unknown command.
A salamander opens the door.
The salamander hits you with a trident.
* * * LOW HITPOINT WARNING * * *
You are engulfed in flames.
You resist.
* * * LOW HITPOINT WARNING * * *
The salamander hits you with a trident!
* * * LOW HITPOINT WARNING * * *
You are engulfed in flames.
You resist.
* * * LOW HITPOINT WARNING * * *
The salamander hits you from afar with a halberd!!
You die...

≈≈≈≈≈§≈≈.########+########...
≈≈§§≈≈≈..# #.# ≈≈≈≈≈≈≈≈.# #.#
§≈≈≈§≈≈§.# #.# §≈≈≈≈≈≈≈.# #.#
§≈≈≈≈≈≈≈.######.#.#
§§§§≈≈§≈.#......#.#
≈§§§§§≈..###++###'### ≈≈≈≈≈≈≈≈.#
#.@)..# ≈≈≈≈≈≈≈≈.# #N8_8.# §§§
≈≈§§§≈≈..# .N.....+ §≈≈§§
§≈≈§≈≈≈§.############### .≈≈§≈§§
§≈≈§§≈§≈.§...§.§§....... §≈≈§≈≈§
≈≈≈≈≈≈≈≈.§§.§≈≈≈§≈.≈§≈≈.≈≈≈≈§≈≈≈§
≈≈§≈§≈≈≈§≈≈≈§≈§§≈≈≈≈≈≈§≈≈≈≈≈≈§≈§§
≈≈≈≈≈≈≈§≈§≈§§≈≈≈≈≈≈§≈≈≈≈≈≈≈≈§§§§§
≈≈≈≈≈≈≈§§≈≈§§§≈§§≈≈≈§§§≈≈≈≈≈§≈≈≈§


You could see 2 salamanders.

Vanquished Creatures
  Erica (Lair:2)
  3 two-headed ogres
  The ghost of MTVSty1e the Cleaver, a novice MiMo of Okawaru (D:8)
  A salamander mystic (Volcano)
  2 salamanders (Volcano)
  Joseph (D:9)
  A black mamba (Lair:1)
  3 spiny frogs
  A centaur skeleton (D:10)
  3 komodo dragons
  A hornet (D:7)
  2 trolls
  3 blink frogs
  7 hippogriffs
  Sigmund (D:3)
  A wyvern (D:10)
  15 yaks
  A vampire (D:11)
  A basilisk (Lair:1)
  2 fire bats (Volcano)
  A human (D:7)
  A hungry ghost (D:10)
  2 steam dragons
  3 hogs (D:7)
  An orc warrior (D:10)
  A water moccasin (D:11)
  2 porcupines
  3 ogres
  A black bear (D:10)
  4 ice beasts
  3 sky beasts
  2 phantoms
  4 wolves (Lair:1)
  A necrophage (D:8)
  6 centaurs
  5 crocodiles
  A big kobold (D:10)
  7 bullfrogs
  A gnoll sergeant (D:10)
  4 scorpions
  A wyvern skeleton (D:7)
  3 killer bees (D:9)
  4 wights (D:10)
  An electric eel (Lair:1)
  2 howler monkeys
  5 crimson imps
  2 quasits
  3 lava snakes (Volcano)
  3 centaur zombies (D:10)
  7 hounds
  3 orc priests
  4 jellies
  8 orc wizards
  4 bullfrog skeletons
  Jessica (D:2)
  2 iguanas
  6 worker ants
  Terence (D:2)
  A hound zombie (D:7)
  3 hound skeletons
  A howler monkey skeleton (D:5)
  8 gnolls (D:6)
  6 adders
  2 shadow imps
  5 oozes
  6 worms
  6 leopard geckos
  20 orcs
  3 ball pythons
  5 giant cockroaches
  4 goblins
  5 hobgoblins
  19 jackals
  4 quokkas
  11 bats
  6 frilled lizards
  A giant cockroach zombie (D:5)
  A jackal zombie (D:7)
  12 kobolds
  2 quokka skeletons
  7 rats
302 creatures vanquished.

Vanquished Creatures (collateral kills)
  A two-headed ogre (D:8)
  A howler monkey (D:8)
2 creatures vanquished.

Vanquished Creatures (others)
  A fungus (Lair:1)
  A plant (Lair:1)
2 creatures vanquished.

Grand Total: 306 creatures vanquished

Notes
Turn   | Place    | Note
-------+----------+-------------------------------------------
     0 | D:1      | mopl the Barachi Transmuter began the quest for the Orb.
     0 | D:1      | Reached XP level 1. HP: 15/15 MP: 3/3
   144 | D:1      | Reached XP level 2. HP: 17/21 MP: 3/5
   148 | D:1      | Learned a level 2 spell: Sticks to Snakes
   257 | D:1      | Reached skill level 4 in Unarmed Combat
   514 | D:1      | Reached XP level 3. HP: 22/26 MP: 4/6
   519 | D:1      | Learned a level 3 spell: Spider Form
  1079 | D:2      | Reached skill level 3 in Transmutations
  1079 | D:2      | Reached XP level 4. HP: 27/32 MP: 7/7
  1081 | D:2      | Reached skill level 1 in Poison Magic
  1259 | D:2      | Noticed Terence
  1269 | D:2      | Killed Terence
  1320 | D:2      | Noticed Jessica
  1328 | D:2      | Killed Jessica
  1328 | D:2      | Reached XP level 5. HP: 37/37 MP: 9/9
  1329 | D:2      | Reached skill level 5 in Unarmed Combat
  1415 | D:2      | Found a snail-covered altar of Cheibriados.
  1417 | D:2      | Found a shattered altar of Ashenzari.
  1417 | D:2      | Found a sparkling altar of Nemelex Xobeh.
  1418 | D:2      | Found a bloodstained altar of Trog.
  1430 | D:2      | Became a worshipper of Cheibriados the Contemplative
  1551 | D:3      | Noticed Sigmund
  1565 | D:3      | Found a deep blue altar of Sif Muna.
  1842 | D:3      | Killed Sigmund
  1842 | D:3      | Reached skill level 3 in Spellcasting
  1842 | D:3      | Reached skill level 2 in Poison Magic
  1842 | D:3      | Reached skill level 1 in Invocations
  1842 | D:3      | Reached XP level 6. HP: 18/43 MP: 10/10
  2076 | D:3      | Learned a level 4 spell: Ice Form
  2084 | D:3      | Found an ancient bone altar of Kikubaaqudgha.
  2084 | D:3      | Found a radiant altar of Vehumet.
  2087 | D:3      | Identified Kikubaaqudgha's Collected Works on Unholy Magic
  2214 | D:3      | Reached * piety under Cheibriados
  2301 | D:3      | Found a blossoming altar of Fedhas.
  2574 | D:4      | Found a staircase to the Ecumenical Temple.
  2614 | D:4      | Reached skill level 1 in Armour
  2614 | D:4      | Reached skill level 6 in Unarmed Combat
  2614 | D:4      | Reached skill level 4 in Transmutations
  2614 | D:4      | Reached skill level 1 in Ice Magic
  2614 | D:4      | Reached XP level 7. HP: 47/49 MP: 11/11
  2669 | D:4      | Reached skill level 2 in Fighting
  3562 | D:5      | Entered Level 5 of the Dungeon
  3564 | D:5      | Got a translucent battleaxe
  3704 | D:5      | Reached skill level 2 in Ice Magic
  3704 | D:5      | Reached skill level 2 in Invocations
  3763 | D:5      | Reached skill level 2 in Armour
  4299 | D:5      | Reached skill level 3 in Fighting
  4299 | D:5      | Reached XP level 8. HP: 58/58 MP: 12/12
  4475 | D:6      | Reached ** piety under Cheibriados
  4481 | D:6      | Reached skill level 7 in Unarmed Combat
  4482 | D:6      | Reached skill level 3 in Ice Magic
  4561 | D:6      | Reached skill level 3 in Armour
  4651 | D:6      | Reached skill level 5 in Transmutations
  4759 | D:6      | Reached skill level 3 in Invocations
  4832 | D:6      | Reached skill level 4 in Fighting
  5281 | D:6      | Found a shimmering altar of Xom.
  5283 | D:6      | Reached *** piety under Cheibriados
  5421 | D:7      | Reached skill level 3 in Dodging
  5477 | D:7      | Reached XP level 9. HP: 32/66 MP: 10/13
  5651 | D:7      | Reached skill level 8 in Unarmed Combat
  5858 | D:7      | Found an ornate altar of the Wu Jian Council.
  5948 | D:7      | Noticed a hornet
  5950 | D:7      | Paralysed by a hornet for 1 turns
  5953 | D:7      | Killed a hornet
  5953 | D:7      | Reached skill level 5 in Fighting
  5978 | D:7      | Reached skill level 4 in Dodging
  5978 | D:7      | Reached skill level 6 in Transmutations
  5989 | D:7      | Reached skill level 4 in Invocations
  6049 | D:7      | Identified the +8 battleaxe of Plunder {freeze, rElec rPois} (You found it on level 5 of the Dungeon)
  6430 | D:7      | Reached skill level 9 in Unarmed Combat
  6436 | D:7      | Reached **** piety under Cheibriados
  6452 | D:7      | Reached XP level 10. HP: 45/76 MP: 14/14
  6519 | D:7      | Learned a level 5 spell: Blade Hands
  6579 | D:8      | Found an iron altar of Okawaru.
  6588 | D:8      | Noticed MTVSty1e's ghost (novice MiMo)
  7169 | D:8      | Reached skill level 6 in Fighting
  7194 | D:8      | Found a burning altar of Makhleb.
  7202 | D:8      | Reached skill level 5 in Dodging
  7243 | D:8      | Killed MTVSty1e's ghost
  7243 | D:8      | Reached skill level 10 in Unarmed Combat
  7243 | D:8      | Reached skill level 7 in Transmutations
  7303 | D:8      | Found a hazy altar of Hepliaklqana.
  7379 | D:8      | Noticed a two-headed ogre
  7388 | D:8      | Killed a two-headed ogre
  7388 | D:8      | Reached skill level 5 in Invocations
  7576 | D:8      | Noticed a two-headed ogre
  7582 | D:8      | Noticed a two-headed ogre
  7593 | D:8      | Killed a two-headed ogre
  7602 | D:8      | Killed a two-headed ogre
  7602 | D:8      | Reached skill level 7 in Fighting
  7635 | D:8      | Reached skill level 6 in Dodging
  7665 | D:8      | Found a shadowy altar of Dithmenos.
  7748 | D:8      | Got a distressingly furry robe
  7765 | D:8      | Found a staircase to the Lair.
  7956 | D:9      | Reached ***** piety under Cheibriados
  8052 | D:9      | Reached XP level 11. HP: 84/84 MP: 11/15
  8089 | D:9      | Reached skill level 11 in Unarmed Combat
  8147 | D:9      | Noticed Joseph
  8159 | D:9      | Killed Joseph
  8476 | D:10     | Entered Level 10 of the Dungeon
  8579 | D:10     | Reached skill level 8 in Transmutations
  8650 | D:10     | Found the +10 dark maul {crush}
  8663 | D:10     | Reached skill level 6 in Invocations
  8672 | D:10     | Got a blackened scimitar
  8678 | D:10     | Got a bound amethyst amulet
  8681 | D:10     | Got a bound bronze ring
  8689 | D:10     | Identified the amulet "Cunar" {Reflect *Corrode rPois SH+4 SInv Stlth+} (You found it on level 10 of the Dungeon)
  8691 | D:10     | Identified the ring "Jaoluz" {rC- AC+5 Str+3 Slay+2 SInv} (You found it on level 10 of the Dungeon)
  8694 | D:10     | Got a crude iron ring
  8696 | D:10     | Identified the ring of Tempters {*Tele rC+ rN++ MP-9} (You found it on level 10 of the Dungeon)
  8703 | D:10     | Identified the cursed +0 scimitar of Income {slice, MR+ Str+4 Int+2} (You found it on level 10 of the Dungeon)
  8714 | D:10     | Identified the cursed +1 robe of the Skies Above {-Cast +Inv rF++ rC+++} (You found it on level 8 of the Dungeon)
  8865 | D:10     | Reached skill level 8 in Fighting
  8905 | D:10     | Reached skill level 4 in Ice Magic
  9042 | D:10     | Reached skill level 4 in Spellcasting
  9096 | D:10     | Reached skill level 7 in Dodging
  9145 | D:10     | Noticed a two-headed ogre
  9151 | D:10     | Killed a two-headed ogre
  9339 | D:10     | Identified the Handbook of Shifting Enhancements
  9464 | D:10     | Reached skill level 12 in Unarmed Combat
  9776 | D:11     | Found a staircase to the Orcish Mines.
 10126 | Lair:1   | Entered Level 1 of the Lair of Beasts
 10130 | Lair:1   | Reached ****** piety under Cheibriados
 10131 | Lair:1   | Reached XP level 12. HP: 85/94 MP: 12/18
 10161 | Lair:1   | Learned a level 3 spell: Ozocubu's Armour
 10357 | Lair:1   | Reached skill level 9 in Transmutations
 10422 | Lair:1   | Reached skill level 9 in Fighting
 10632 | Lair:1   | Reached skill level 7 in Invocations
 10882 | Lair:1   | Reached skill level 8 in Dodging
 11207 | Lair:2   | Found a staircase to the Snake Pit.
 11207 | Lair:2   | Noticed Erica
 11209 | Lair:2   | Killed Erica
 11277 | Lair:2   | Reached skill level 5 in Spellcasting
 11388 | Lair:2   | Found a dark tunnel.
 11398 | Volcano  | Entered a volcano
 11474 | Volcano  | Reached skill level 13 in Unarmed Combat
 11560 | Volcano  | Found a burning altar of Makhleb.
 11567 | Volcano  | Mangled by a salamander

Skill      XL: |  1  2  3  4  5  6  7  8  9 10 11 12 |
---------------+-------------------------------------+-----
Unarmed Combat | 4 5 6 7 9 10 12 13 | 13.1
Transmutations | 3 4 5 6 7 8 9 |  9.0
Poison Magic   | 1 2 |  2.3
Spellcasting   | 3 4 5 |  5.3
Invocations    | 1 2 3 4 5 6 7 |  7.3
Armour         | 1 2 3 |  3.0
Ice Magic      | 1 2 3 4 |  4.0
Fighting       | 3 4 5 7 8 9 |  9.6
Dodging        | 3 4 6 7 8 |  8.3

Action                   |  1- 3 |  4- 6 |  7- 9 | 10-12 || total
-------------------------+-------+-------+-------+-------++-------
Melee: Unarmed           |    67 |    91 |   197 |   399 ||   754
       Kick              |     5 |       |       |       ||     5
       Punch             |     2 |       |     3 |    14 ||    19
       Headbutt          |     2 |       |       |       ||     2
       Dagger            |       |    54 |    82 |       ||   136
 Cast: Beastly Appendage |    12 |       |       |       ||    12
       Sticks to Snakes  |     2 |       |       |     4 ||     6
       Spider Form       |     3 |    14 |    11 |     8 ||    36
       Ice Form          |       |       |    12 |    21 ||    33
       Blade Hands       |       |       |       |     5 ||     5
       Ozocubu's Armour  |       |       |       |     2 ||     2
Invok: Bend Time         |       |       |       |     3 ||     3
       Temporal Distorti |       |       |       |     1 ||     1
 Abil: Hop               |       |     1 |       |     3 ||     4
       End Transformatio |       |       |       |     1 ||     1
Evoke: Wand              |       |       |       |     7 ||     7
  Use: Scroll            |       |     6 |     5 |     4 ||    15
       Potion            |       |     2 |       |     1 ||     3
 Stab: Sleeping          |     1 |     1 |     2 |     3 ||     7
       Distracted        |       |       |       |     2 ||     2
  Eat: Chunk             |     1 |     8 |     7 |    15 ||    31
       Ration            |       |       |     1 |       ||     1
Armor: Robe              |    11 |    19 |    19 |     4 ||    53
       Skin              |     1 |     8 |    20 |    37 ||    66
       Troll leather arm |       |       |       |    52 ||    52
Dodge: Dodged            |    50 |   113 |   202 |   320 ||   685
Block: Other             |       |       |       |    39 ||    39
       Reflection        |       |       |       |     2 ||     2
